 Dungeon Crawl Stone Soup version 0.30-a0-458-g86641cc369 (webtiles) character file.

Game seed: 13626795929707148421

32 kae the Ruffian (level 3, -2/31 HPs)
             Began as a Naga Transmuter on Dec 14, 2022.
             Slain by an endoplasm (3 damage)
             ... on level 2 of the Dungeon.
             The game lasted 00:01:16 (1237 turns).

kae the Ruffian (Naga Transmuter)                   Turns: 1237, Time: 00:01:17

Health: -2/31      AC:  3    Str: 12    XL:     3   Next: 27%
Magic:  6/6        EV:  9    Int: 15    God:
Gold:   33         SH:  0    Dex: 11    Spells: 4/7 levels left

rFire   . . .      SeeInvis +      - Unarmed
rCold   . . .      Faith    .    (no shield)
rNeg    . . .      Spirit   .    a - +1 robe
rPois   +          Reflect  .    (no helmet)
rElec   .          Harm     .    (no cloak)
rCorr   .          Rampage  .    (no gloves)
Will    .....                    (no barding)
Stlth   +.........               (no amulet)
HPRegen 0.25/turn                (no ring)
MPRegen 0.10/turn                (no ring)

@: short of breath, very slow
A: AC +1, large, see invisible, deformed body, poison resistance, slowness 2,
spit poison 1, naga tail 1
a: Spit Poison


You were on level 2 of the Dungeon.
You visited 1 branch of the dungeon, and saw 2 of its levels.

You collected 33 gold pieces.


Innate Abilities, Weirdness & Mutations

Your serpentine skin is tough. (AC +1)
You have supernaturally acute eyesight. (SInv)
Armour fits poorly on your strangely shaped body.
Your system is resistant to poisons. (rPois)
You cover ground very slowly.
You can spit poison.
You have a snake-like lower body.


   Skills:
 - Level 1.0 Fighting
 - Level 1.5 Dodging
 + Level 3.4 Unarmed Combat
 + Level 2.5 Spellcasting
 + Level 2.6 Transmutations


You had 4 spell levels left.
You knew the following spells:

 Your Spells              Type           Power      Damage    Failure   Level
a - Beastly Appendage     Tmut           18%        N/A       8%          1
b - Wereblood             Tmut           9%         N/A       11%         2

Your spell library contained the following spells:

 Spells                   Type           Power      Damage    Failure   Level
 Spider Form              Tmut/Pois      5%         N/A       36%         3
 Ice Form                 Ice/Tmut       5%         N/A       77%         4

Inventory:

Missiles
 d - 3 boomerangs
 f - 6 stones
 g - 4 poisoned darts
Armour
 a - a +1 robe (worn)
Potions
 b - a potion of lignification {!q}
 c - 2 potions of berserk rage {!q}
 l - a potion of mutation {!q}

Dungeon Overview and Level Annotations

Branches:
Dungeon (2/15) Zot: 10425

Altars:

.. ## #.### ...
#....##).....#.#..
..... .......#....
#######...##'##.......
..............#.....
#............#...#
#............#J..###..
#.............@.......
#.............†.##.##.
#.......†.......#
###............#.....
...............#.#....
....[.##.......#....$..
......####.#...........
.....<# #[#.........##
......# #.#.......


You could see an endoplasm.


Message History

There is an open door here.
There is an open door here.
A ball python comes into view. 😎 HP[+5]
Your hp is fully restored (31).
A ball python is nearby!
A ball python is nearby!
A ball python is nearby!
Casting: Beastly Appendage (safe; 8% risk of failure)
Confirm with . or Enter, or press ? or * to list all spells.
You grow a pair of large bovine horns. 😎 MP[-1]
You lost 1 mp, and now have 5/6 mp.
The ball python bites you but does no damage.
The ball python closely misses you.
You hit the ball python.
You kill the ball python!
No target in view!
A hobgoblin comes into view.
Your transformation is almost over. 😎 MP[+1]
Your mp is fully restored (6).
A hobgoblin is nearby!
A goblin comes into view. It is wielding a +0 quarterstaff.
The goblin shouts!
The hobgoblin shouts!
There are monsters nearby!
An endoplasm comes into view.
The goblin closely misses you. The hobgoblin barely misses you.
The endoplasm moves out of view.
You barely miss the goblin. The hobgoblin hits you.
The goblin hits you with a +0 quarterstaff! 😮 HP[-8]
You take 8 damage, and now have 23/31 hp.
MASSIVE DAMAGE!! (PAUSE)
You closely miss the goblin.
Your horns disappear.
The hobgoblin closely misses you. The goblin barely misses you.
You barely miss the goblin. The hobgoblin barely misses you.
The goblin barely misses you.
You hit the goblin.
You kill the goblin!
You barely miss the hobgoblin.
The endoplasm jiggles.
The hobgoblin closely misses you. 😕 HP[+1]
The hobgoblin hits you but does no damage.
The endoplasm hits you. The hobgoblin hits you.
Items here: $ ) ? †. 😮 HP[-3]
You take 3 damage, and now have 21/31 hp.
You hit the hobgoblin.
The endoplasm hits you but does no damage.
The hobgoblin hits you. 😮 HP[-1]
You take 1 damage, and now have 20/31 hp.
You hit the hobgoblin. The endoplasm freezes you.
You are frozen.
The hobgoblin hits you.
* * * LOW HITPOINT WARNING * * *
😨 HP[-6]
You take 6 damage, and now have 14/31 hp.
Unknown command.
You hit the hobgoblin. The endoplasm freezes you.
You are frozen.
* * * LOW HITPOINT WARNING * * *
The hobgoblin closely misses you. 😨 HP[-1]
You take 1 damage, and now have 13/31 hp.
You barely miss the hobgoblin. The endoplasm freezes you.
You are frozen.
* * * LOW HITPOINT WARNING * * *
The hobgoblin hits you but does no damage. 😨 HP[-5]
You take 5 damage, and now have 8/31 hp.
You hit the hobgoblin.
You kill the hobgoblin!
Unknown command.
You hit the endoplasm. The endoplasm freezes you.
You are frozen.
* * * LOW HITPOINT WARNING * * *
😱 HP[-4]
You take 4 damage, and now have 4/31 hp.
You hit the endoplasm. The endoplasm freezes you.
You are frozen.
* * * LOW HITPOINT WARNING * * *
😱 HP[-3]
You take 3 damage, and now have 1/31 hp.
Okay, then.
Unknown command.
Aiming: Spit Poison (2% risk of failure)
Press: ? - help, Shift-Dir - straight line, f - endoplasm
Aim: an endoplasm (moderately wounded, 97% to hit)
The splash of poison hits the endoplasm.
The endoplasm hits you.
You die...

Action                   || total
-------------------------++-------
Melee: Unarmed           ||    97
       Headbutt          ||     6
       Punch             ||     2
 Cast: Beastly Appendage ||    15
 Abil: Spit Poison       ||     2
  Use: Scroll            ||     6
Armor: Robe              ||    19
Dodge: Dodged            ||    56

Levels and vault maps discovered:
D:1:      saegor_arrival_simple_b, layout_basic, kennysheep_boxes
D:2:      layout_basic

Notes
Turn   | Place    | Note
-------+----------+-------------------------------------------
     0 | D:1      | kae the Naga Transmuter began the quest for the Orb.
     0 | D:1      | Reached XP level 1. HP: 18/18 MP: 3/3
     0 | D:1      | magus.rc [v1.11.3]
   326 | D:1      | Reached XP level 2. HP: 19/25 MP: 3/5
  1028 | D:2      | Learned a level 2 spell: Wereblood
  1130 | D:2      | Reached XP level 3. HP: 21/31 MP: 6/6
  1235 | D:2      | HP: 4/31 [frozen (4)]
  1236 | D:2      | HP: 1/31 [frozen (4)]
  1237 | D:2      | Slain by an endoplasm

Vanquished Creatures
  An adder (D:2)
  An endoplasm (D:1)
  2 giant cockroaches (D:1)
  A goblin (D:2)
  2 hobgoblins
  3 kobolds (D:1)
  A quokka (D:1)
  5 ball pythons
  2 bats (D:1)
  2 frilled lizards
  4 rats (D:1)
24 creatures vanquished.

Table legend:
 A = Non-vault XP
 B = Vault XP
 C = Vault XP percentage of total XP
 D = Non-vault monster count
 E = Vault monster count
 F = Vault count percentage of total count
                 A         B        C        D         E       F
            +---------+---------+-------+---------+---------+-------
      Total |      47 |       0 |   0.0 |      24 |       0 |   0.0
            +---------+---------+-------+---------+---------+-------
        D:1 |      25 |       0 |   0.0 |      17 |       0 |   0.0
        D:2 |      22 |       0 |   0.0 |       7 |       0 |   0.0
            +---------+---------+-------+---------+---------+-------

Illustrated notes

Table legend:
 A = Kills in this place as a percentage of kills in entire the game.
 B = Kills by you in this place as a percentage of kills by you in the entire game.
 C = Kills by friends in this place as a percentage of kills by friends in the entire game.
 D = Other kills in this place as a percentage of other kills in the entire game.
 E = Experience gained in this place as a percentage of experience gained in the entire game.
 F = Experience gained in this place divided by the number of levels of this place that you have seen.
                   A       B       C       D       E      F
               +-------+-------+-------+-------+-------+----------------------
         Total | 100.0 | 100.0 |   N/A |   N/A | 100.0 |  23.5
       Dungeon | 100.0 | 100.0 |   N/A |   N/A | 100.0 |  23.5
               +-------+-------+-------+-------+-------+----------------------

Table legend: (Time is in decaauts)
 A = Elapsed time spent in this place.
 B = Non-inter-level travel time spent in this place.
 C = Inter-level travel time spent in this place.
 D = Time resting spent in this place.
 E = Time spent auto-exploring this place.
 F = Levels seen in this place.
 G = Mean time per level.
                   A        B        C        D        E       F      G
               +--------+--------+--------+--------+--------+-----+--------+
         Total |   1573 |   1545 |     28 |      0 |   1285 |   2 |  786.5 |
       Dungeon |   1573 |   1545 |     28 |      0 |   1285 |   2 |  786.5 |
               +--------+--------+--------+--------+--------+-----+--------+

Top non-repeatable levels by time:
     D:1: 1314 daAuts
     D:2: 259 daAuts
